Map: Honorgrounds LE

Players

Railgan - Winner!

  • Race: Zerg Zerg
  • League: Grandmaster
  • Spawn Location: 1:00

Jens

  • Race: Terran Terran
  • League: Grandmaster
  • Spawn Location: 11:00

VOD

Have the link to the VOD?

Description

Time

  • Played on: March 19, 2017, 6:59 p.m.
  • Length: 17:43
Show
View Real Time Build Order
Export as new Build Order

Railgan Zerg - Winner!

Build Orders: Hatch First 

Get SALT Encoding   

  12  0:00  Drone  
  13  0:12  Overlord  
  13  0:18  Drone  
  14  0:31  Drone x2  
  14  0:35  Drone  
  17  0:45  Drone  
  18  0:58  Hatchery  
  18  1:01  Drone  
  18  1:05  Extractor  
  17  1:15  Spawning Pool  
  16  1:20  Drone  
  16  1:21  Drone  
  18  1:28  Drone  
  19  1:39  Overlord  
  19  2:03  Queen  
  19  2:05  Drone x2  
  23  2:10  Queen  
  23  2:11  Zergling x2  
  23  2:12  Drone  
  27  2:20  Metabolic Boost  
  27  2:21  Drone  
  28  2:23  Drone  
  29  2:32  Overlord  
  29  2:34  Drone  
  30  2:41  Queen  
  32  2:49  Drone x2  
  34  2:51  Evolution Chamber  
  34  2:56  Drone  
  34  2:57  Queen  
  36  3:01  Zergling x2  
  36  3:04  Zergling x2  
  38  3:08  Zergling x2  
  39  3:13  Drone x2  
  39  3:14  Overlord  
  39  3:15  Drone  
  42  3:23  Zerg Ground Armor Level 1  
  42  3:26  Drone x2  
  44  3:33  Drone x2  
  46  3:39  Drone  
  46  3:40  Drone x2  
  49  3:51  Drone x3  
  49  3:52  Extractor  
  49  3:53  Extractor  
  49  3:55  Overlord  
  50  3:58  Drone x2  
  50  4:00  Lair  
  52  4:02  Overlord  
  52  4:15  Zergling x6  
  53  4:27  Drone x2  
  53  4:29  Drone x2  
  53  4:30  Zergling x2  
  53  4:31  Baneling Nest, Zergling x4  
  58  4:34  Zergling x2  
  58  4:40  Extractor  
  58  4:41  Drone  
  58  4:42  Drone  
  59  4:54  Hatchery  
  59  4:56  Drone x2  
  59  4:59  Overlord  
  60  5:00  Drone  
  60  5:01  Drone  
  60  5:02  Hydralisk Den, Zergling x8  
  60  5:04  Evolution Chamber  
  64  5:12  Drone  
  65  5:24  Zerg Ground Armor Level 2  
  65  5:25  Baneling x2  
  65  5:26  Baneling  
  64  5:39  Hydralisk x2  
  64  5:40  Hydralisk x3  
  68  5:50  Drone x3  
  68  5:53  Drone  
  68  5:55  Muscular Augments  
  68  5:56  Drone x2  
  72  5:59  Spore Crawler  
  72  6:03  Spore Crawler  
  70  6:08  Zerg Missile Weapons Level 1  
  70  6:09  Drone x3  
  73  6:12  Overlord  
  73  6:14  Overlord  
  73  6:17  Spore Crawler  
  72  6:27  Queen  
  72  6:28  Spore Crawler  
  72  6:36  Hydralisk x5  
  82  6:41  Drone x5  
  87  6:49  Hydralisk  
  87  6:51  Overlord  
  89  6:55  Overlord  
  89  6:56  Extractor  
  89  6:58  Extractor, Overlord  
  89  6:59  Drone x2  
  89  7:00  Overlord  
  89  7:10  Drone  
  89  7:11  Drone, Lurker Den  
  89  7:12  Drone x3  
  89  7:14  Drone x3  
  97  7:22  Drone x2  
  99  7:23  Drone x2  
  99  7:27  Spire, Zergling x4  
  99  7:28  Drone x2  
  104  7:30  Drone  
  105  7:44  Zerg Melee Weapons Level 1  
  105  7:45  Drone  
  105  7:47  Drone  
  105  7:48  Infestation Pit  
  105  7:49  Zergling x8  
  105  7:50  Hatchery  
  109  7:52  Pneumatized Carapace  
  109  8:00  Zergling x2  
  109  8:01  Zergling x8  
  109  8:02  Zerg Missile Weapons Level 2  
  114  8:08  Drone  
  114  8:09  Zergling x4  
  114  8:10  Zergling x4  
  119  8:26  Overlord  
  119  8:27  Hive  
  119  8:29  Hatchery  
  119  8:32  Drone  
  119  8:33  Drone x2  
  121  8:38  Drone  
  121  8:40  Zerg Flyer Weapons Level 1  
  122  8:45  Overseer  
  122  8:46  Overlord, Overseer  
  122  8:52  Corruptor x3  
  128  8:56  Spore Crawler  
  128  9:02  Drone  
  128  9:04  Corruptor x2  
  128  9:05  Corruptor x2  
  128  9:07  Extractor  
  128  9:08  Extractor  
  134  9:15  Corruptor x2  
  138  9:19  Hatchery  
  137  9:25  Corruptor x2  
  137  9:27  Drone x3  
  137  9:30  Overlord x3  
  144  9:31  Overlord  
  144  10:00  Hydralisk x7  
  144  10:07  Corruptor x3  
  151  10:09  Drone x4  
  151  10:11  Zerg Ground Armor Level 3  
  151  10:12  Drone x2  
  151  10:13  Drone x2  
  166  10:21  Drone x3  
  166  10:22  Drone  
  166  10:23  Zerg Missile Weapons Level 3  
  166  10:24  Drone  
  166  10:25  Drone x4, Hatchery  
  166  10:27  Zergling x2  
  172  10:38  Hydralisk  
  172  10:40  Baneling x6  
  171  10:49  Hydralisk x4  
  166  11:04  Corruptor x3  
  166  11:06  Zergling x10  
  161  11:21  Hydralisk, Corruptor  
  161  11:22  Hydralisk x6  
  175  11:29  Zergling x2  
  175  11:30  Overlord x2  
  176  11:32  Overlord  
  176  11:36  Spore Crawler x2  
  163  11:47  Hydralisk  
  163  11:48  Hydralisk x6  
  163  11:50  Hydralisk  
  164  11:54  Hydralisk  
  161  12:05  Drone  
  161  12:06  Drone x9  
  171  12:08  Hydralisk  
  171  12:15  Drone  
  174  12:17  Drone  
  174  12:22  Zerg Flyer Armor Level 1  
  175  12:24  Spire, Zergling x6  
  175  12:26  Drone x2  
  175  12:27  Drone x2  
  181  12:31  Hydralisk x5  
  191  12:42  Corruptor  
  191  12:43  Hydralisk  
  195  12:47  Ultralisk Cavern, Zergling x8  
  195  12:48  Overlord  
  198  12:54  Extractor  
  198  12:55  Extractor, Overlord, Spore Crawler  
  198  12:58  Overseer  
  195  13:01  Overlord  
  195  13:09  Overlord  
  195  13:10  Spore Crawler, Zergling x10  
  199  13:13  Zerg Melee Weapons Level 2  
  199  13:14  Adrenal Glands  
  199  13:19  Zergling x2  
  198  13:20  Zergling x4  
  173  13:48  Zergling x22  
  170  13:49  Zergling x6  
  182  14:05  Corruptor x2  
  182  14:06  Hatchery  
  185  14:14  Viper x4, Zergling x2  
  198  14:22  Zerg Flyer Weapons Level 2, Zerg Flyer Armor Level 2  
  198  14:34  Hatchery x2  
  196  14:39  Overseer  
  196  14:51  Hatchery  
  195  15:14  Hydralisk x2  
  195  15:20  Extractor  
  198  15:22  Extractor  
  198  15:23  Chitinous Plating  
  198  15:24  Extractor  
  196  15:39  Extractor  
  196  15:40  Extractor  
  196  15:42  Pathogen Glands  
  194  15:43  Burrow  
  180  16:18  Corruptor  
  180  16:23  Corruptor x11  
  189  16:27  Hatchery  
  189  16:30  Hydralisk x16  
  189  16:33  Hydralisk  
  189  16:35  Hydralisk x2  
  189  16:39  Hydralisk x3  
  184  16:40  Hydralisk  
  192  16:51  Hydralisk x4  
  199  17:09  Overlord  
  199  17:12  Overseer x2  
  199  17:13  Overseer x3  
  199  17:17  Drone  
Show
View Real Time Build Order
Export as new Build Order

Jens Terran 

Build Orders: Command Center First (CC) 

Get SALT Encoding   

  12  0:16  SCV  
  13  0:23  Supply Depot  
  13  0:28  SCV  
  14  0:40  SCV  
  15  0:52  SCV  
  16  1:00  Command Center  
  16  1:05  SCV  
  17  1:16  Barracks  
  17  1:19  SCV  
  18  1:31  SCV  
  18  1:32  Refinery  
  19  1:43  SCV  
  20  1:56  SCV  
  21  2:05  Marine  
  21  2:08  Orbital Command  
  22  2:12  Orbital Command  
  22  2:30  Command Center  
  22  2:35  Barracks Reactor  
  22  2:39  SCV x2  
  23  2:51  Barracks  
  23  2:52  SCV x2  
  23  2:55  Factory  
  25  3:02  Supply Depot  
  25  3:04  SCV x2  
  27  3:06  Refinery  
  27  3:13  Marine x2  
  27  3:17  SCV x2  
  30  3:30  SCV x2  
  32  3:41  Starport  
  32  3:42  Starport  
  32  3:47  Hellion  
  32  3:48  Hellion  
  35  3:49  Barracks Reactor  
  35  3:50  Starport  
  35  3:52  Orbital Command  
  35  3:54  SCV x2  
  37  4:03  Refinery  
  37  4:08  SCV x2  
  37  4:09  Hellion x2  
  43  4:18  SCV  
  43  4:20  SCV  
  43  4:26  SCV  
  43  4:31  Hellion x2, Liberator x2  
  47  4:36  SCV x2  
  49  4:38  SCV  
  50  4:46  Supply Depot  
  50  4:49  Supply Depot  
  50  4:52  Refinery  
  56  4:57  SCV x2  
  56  4:58  SCV  
  59  5:06  Engineering Bay  
  59  5:14  Starport  
  59  5:15  Starport  
  59  5:18  SCV x2  
  59  5:19  Hellion  
  59  5:20  Hellion, SCV  
  66  5:24  Barracks Tech Lab  
  66  5:30  SCV x2  
  68  5:36  SCV  
  68  5:42  SCV x2  
  69  5:43  Hellion  
  69  5:44  Hellion  
  69  5:48  SCV  
  72  5:54  SCV x2  
  73  6:00  SCV  
  73  6:02  Supply Depot x2  
  73  6:03  Starport Tech Lab, Supply Depot  
  74  6:05  Missile Turret  
  74  6:06  Missile Turret x2, Liberator, SCV x2  
  74  6:07  Liberator  
  76  6:14  Missile Turret  
  82  6:31  Banshee  
  82  6:32  Banshee  
  88  6:33  Cloaking Field  
  88  6:39  Supply Depot  
  88  6:40  Supply Depot  
  88  6:43  SCV x3  
  88  6:45  Hellion x2  
  95  6:52  Supply Depot x2  
  95  6:53  Fusion Core  
  95  7:07  Armory  
  95  7:08  Hellion x2, Armory  
  95  7:13  SCV x2  
  96  7:21  Orbital Command  
  96  7:25  Banshee x2, SCV x2  
  96  7:26  Liberator x2  
  103  7:39  SCV x2  
  103  7:41  Missile Turret  
  103  7:44  Missile Turret  
  111  7:45  Missile Turret  
  111  7:46  Refinery  
  111  7:52  Refinery  
  111  7:58  SCV x3, Command Center  
  114  8:09  Advanced Ballistics  
  114  8:11  Banshee x2  
  124  8:20  Hellion x2  
  124  8:23  Supply Depot x3  
  124  8:29  SCV x3  
  124  8:30  Terran Vehicle And Ship Armor Level 1, Terran Ship Weapons Level 1  
  127  8:36  Command Center  
  127  8:42  Liberator  
  127  8:43  Liberator  
  127  8:59  Banshee x2  
  139  9:03  Command Center  
  139  9:06  Command Center  
  139  9:23  Hyperflight Rotors  
  139  9:27  Supply Depot  
  139  9:30  Building Armor  
  139  9:34  Hellion x2  
  139  9:38  Liberator x2  
  143  9:50  Missile Turret  
  143  9:53  Missile Turret  
  143  9:54  Banshee x2  
  143  9:56  Hellion x2  
  157  10:05  Planetary Fortress  
  141  10:12  Missile Turret  
  141  10:15  Command Center  
  141  10:17  Orbital Command  
  141  10:18  Orbital Command  
  141  10:20  Hellion  
  141  10:36  Missile Turret  
  141  10:39  Hellion  
  141  10:42  Hellion  
  142  10:50  Viking x4  
  143  11:00  Terran Vehicle And Ship Armor Level 2, Terran Ship Weapons Level 2  
  131  11:05  Starport  
  131  11:06  Starport  
  91  11:23  Viking x3  
  93  11:27  Hellion x2  
  94  11:44  Viking  
  87  11:48  Refinery  
  87  11:52  Viking  
  76  12:02  Liberator x3  
  76  12:03  Viking x2  
  80  12:09  Command Center  
  86  12:25  Missile Turret, Liberator x2  
  86  12:26  Planetary Fortress  
  86  12:27  Missile Turret  
  86  12:29  Refinery  
  86  12:34  SCV x4  
  90  12:43  Liberator  
  96  12:49  Refinery  
  96  12:53  Liberator  
  93  12:59  Hellion x2  
  93  13:04  Refinery, SCV x4  
  104  13:14  Liberator x2  
  104  13:16  Command Center  
  104  13:24  Hellion x2  
  106  13:33  Viking x2  
  116  13:40  Liberator x2  
  116  13:41  Hellion x3  
  116  13:45  Missile Turret, Planetary Fortress  
  119  14:04  Hellion x2  
  117  14:25  Command Center  
  117  14:27  Orbital Command  
  118  14:31  SCV x3  
  118  14:38  Liberator x2  
  120  14:45  Command Center  
  120  14:49  Refinery  
  120  14:50  Refinery  
  120  14:52  Missile Turret  
  120  14:54  Viking  
  120  14:55  Viking x3  
  120  14:59  Hellion x2  
  137  15:09  Sensor Tower  
  137  15:21  Hellion x2  
  137  15:27  Starport Reactor  
  135  15:29  Command Center  
  135  15:32  SCV x3  
  135  15:33  SCV  
  135  15:34  Starport Reactor  
  139  15:36  Planetary Fortress  
  137  15:52  Viking x2  
  147  16:06  Viking  
  147  16:07  Viking  
  135  16:26  Liberator x3  
  135  16:27  Liberator x3  
  135  16:30  Liberator x2  
  80  17:04  Command Center  
  80  17:11  Command Center  
Tags
 
Add a new tag
Caveats
  • Supply blocks, unpowered buildings, or Contaminate may cause inaccurate times.
  • Supply counts are checked every 10 seconds.